[Event "Late-Titled-Tuesday-Blitz-March-19-2024"]
[Site "Chess.com"]
[Date "2024.03.19"]
[Round "3"]
[White "Vahe_Danielyan"]
[Black "moro182"]
[Result "1/2-1/2"]
[WhiteElo "2656"]
[BlackElo "2907"]
[TimeControl "180+1"]
[EndTime "14:30:36 PDT"]
[Termination "Game drawn - insufficient material"]

1. d4 g6 2. c4 Bg7 3. Nc3 d6 4. e4 c5 5. Nf3 Nc6 6. Be3 Qa5 7. Be2 Bg4 8. dxc5 Bxf3 9. gxf3 dxc5 10. O-O Nd4 11.
Nd5 e6 12. b4 Qd8 13. bxc5 Nxe2+ 14. Qxe2 Bxa1 15. Rxa1 exd5 16. exd5 Kf8 17. Bd4 Nf6 18.
Rb1 Kg7 19. Rxb7 Re8 20. Qb2 Rc8 21. c6 Qd6 22. Rd7 Qf4 23. Qc3 Qg5+ 24. Kf1 Rb8 25.
Bxf6+ Qxf6 26. Qxf6+ Kxf6 27. Rxa7 Rb1+ 28. Kg2 Rc1 29. d6 Rxc4 30. d7 Rd8 31. c7 Rxd7 32.
c8=Q Rxc8 33. Rxd7 Ra8 34. Rd2 Ra3 35. Rb2 h5 36.
Kg3 Ra4 37. h4 Kg7 38. Rc2 Ra3 39. Rd2 Kf6 40. Rb2 Ke7 41. Re2+ Kf8 42. Rd2 f6 43. Rc2 Ke7 44. Re2+ Kf7 45. Rd2 g5 46. hxg5 fxg5 47. Rb2 Ra4 48. Kg2 h4 49. Rb7+ Kg6 50. Rb6+ Kh5 51.
Rb2 Ra3 52. Re2 Kg6 53. Re6+ Kf5 54. Re2 Ra5 55. Rd2 g4 56. fxg4+ Kxg4 57. Rd4+ Kh5 58. Rd2 Ra3 59. Kh2 Kg4 60. Re2 Kf4 61. Rd2 Kf3 62. Rb2 Ra4 63. Rc2 Rg4 64. Kh3 Rg1 65. Kh2 Rg8 66. a4 Ra8 67. Ra2 Ra5 68. Kh3 Kf4 69. Kxh4 Ra8 70. Kh5 Kf5 71. Kh6 Kf6 72. Kh7 Ra7+ 73.
Kh6 Ra5 74. f4 Kf7 75. f5 Kf6 76. Kh5 Kxf5 77. Kh4 Kf4 78. Kh3 Kf3 79. Kh4 Kf4 80. Rg2 Ra6 81. Rg4+ Kf3 82. Rb4 Ra5 83. Rg4 Ra8 84.
Rg3+ Kf4 85. Rg4+ Kf5 86. Rg5+ Ke4 87. a5 Kf3 88. Rb5 Ke3 89. Kg5 Kd4 90. Kf6 Kc4 91. Rh5 Kb4 92. Ke7 Ra6 93. Kd7 Ka4 94. Kc7 Rxa5 95.
Rxa5+ Kxa5 1/2-1/2

[Event "Late-Titled-Tuesday-Blitz-March-19-2024"]
[Site "Chess.com"]
[Date "2024.03.19"]
[Round "3"]
[White "bubeliang"]
[Black "liwadas82"]
[Result "1-0"]
[WhiteElo "2796"]
[BlackElo "2525"]
[TimeControl "180+1"]
[EndTime "14:30:58 PDT"]
[Termination "bubeliang won by resignation"]

1. d4 Nf6 2. Nc3 e6 3. e4 d5 4.
e5 Nfd7 5. f4 c5 6. Nf3 Nc6 7.
Be3 a6 8. Ne2 b5 9. c3 Qb6 10.
g4 h5 11. gxh5 Rxh5 12. Ng3 Rh8 13. Bd3 g6 14. Kf2 cxd4 15. cxd4 Bb7 16. Rc1 Be7 17. h4 O-O-O 18. Ng5 Bxg5 19. hxg5 Kb8 20. Ne2 Ne7 21.
Rh6 Nf5 22. Bxf5 exf5 23. Qh1 Rhf8 24. Rh7 Qa5 25. a3 Nb6 26. Qe1 Qxe1+ 27. Rxe1 Bc8 28. Bd2 Be6 29. Bb4 Rfe8 30. b3 Rc8 31. Bc5 Nd7 32.
b4 Rc6 33. Nc1 a5 34. Nb3 a4 35. Nc1 Rcc8 36. Nd3 Rc6 37. Reh1 Rcc8 38. Ke3 Kb7 39. Rg7 Rh8 40. Rhh7 Rxh7 41. Rxh7 Kc6 42. Ne1 Kb7 43.
Nf3 Kc6 44. Ne1 Kb7 45. Nd3 Kc6 46. Rh1 Kb7 47. Rh2 Kc6 48. Rh6 Kb7 49. Ne1 Kc6 50.
Nf3 Kb7 51. Nh4 Kc6 52. Rh7 Kb7 53. Kf3 Kc6 54. Kg3 Rg8 55. Ng2 Kb7 56. Ne1 Kc6 57.
Bd6 Kb7 58. Nd3 Rc8 59. Nc5+ Nxc5 60. dxc5 Kc6 61. Kf2 d4 62. Ke2 Bc4+ 63. Kd2 Be6 64. Kd3 Kd5 65. Rh6 Rd8 66. Be7 Rd7 67. Bf6 Rc7 68. Rh8 Kc6 69. Kxd4 Rd7+ 70. Ke3 Bc4 71. Rb8 Rd3+ 72. Kf2 Rxa3 73. Rb6+ Kd5 74. c6 Ke4 75. c7 Ra2+ 76. Kg3 Ra3+ 77. Kf2 Ra2+ 78. Ke1 Ra1+ 79.
Kd2 a3 80. c8=Q a2 81. Qc6+ Bd5 82. Qc2+ Kxf4 83. Ra6 Be4 84. Qxa2 Rxa2+ 85. Rxa2 Kg3 86. Rb2 f4 87. e6 fxe6 88. Be5 Kg4 89. Kc3 f3 90.
Rf2 Kxg5 91. Kd4 Bd5 92. Ke3 Kf5 93. Bg3 g5 94. Rxf3+ Bxf3 95. Kxf3 g4+ 96. Ke3 e5 97. Bh2 e4 98. Bg3 Ke6 99. Kxe4 Kd7 100. Kf5 Kc6 101. Kxg4 Kd5 102. Bf2 Kc4 103. Bc5 Kd5 104. Kf5 Kc4 105. Ke6 Kc3 106. Kd6 Kc4 107. Kc6 Kd3 108. Kxb5 1-0

[Event "Late-Titled-Tuesday-Blitz-March-19-2024"]
[Site "Chess.com"]
[Date "2024.03.19"]
[Round "3"]
[White "yaguigor"]
[Black "Mr_Heisenberg13"]
[Result "1-0"]
[WhiteElo "2577"]
[BlackElo "2923"]
[TimeControl "180+1"]
[EndTime "14:31:14 PDT"]
[Termination "yaguigor won by resignation"]

1. e4 c5 2. Nf3 e6 3. d4 cxd4 4.
Nxd4 Nf6 5. Nc3 Nc6 6. Ndb5 Bc5 7. Bf4 O-O 8. Bc7 Qe7 9. Bd6 Bxd6 10. Qxd6 Qd8 11.
O-O-O a6 12. Nd4 Ne7 13. g4 b5 14. g5 Ne8 15. Qg3 Bb7 16. Bg2 Rc8 17. Kb1 d6 18. f4 b4 19. Na4 Qa5 20. b3 Nc6 21. Nb2 Nxd4 22. Rxd4 e5 23. Rc4 Nc7 24. Rd1 Nb5 25.
Rxc8 Rxc8 26. Na4 Nc3+ 27. Nxc3 bxc3 28. Qe3 Qb4 29. fxe5 dxe5 30. Rd3 a5 31. a3 Qxa3 32. Rxc3 Rd8 33. Rd3 Rf8 34. Qb6 Qe7 35. h4 a4 36.
bxa4 g6 37. Qb5 Bc8 38. Rb3 Be6 39. Rb4 Rc8 40. Bf1 Qc7 41. Bd3 Qc3 42. a5 Rc5 43. Qb6 Rc6 44. Qb5 Bc8 45. Rc4 Qe1+ 46. Kb2 Rxc4 47.
Qxc4 Be6 48. Qc3 Qf2 49. Qxe5 Qa7 50. Qc3 Qb8+ 51. Ka3 Qd6+ 52. Qb4 Qe5 53. c3 Qg3 54. Qd4 Qe1 55. Qd8+ Kg7 56. Qf6+ Kg8 57. Qd8+ Kg7 58.
Qf6+ Kg8 59. Kb4 Qd2 60. Bb5 Qb2+ 61. Kc5 Qa3+ 62. Kb6 Qd6+ 63. Bc6 Qb8+ 64. Kc5 Qa7+ 65. Kb4 Qc7 66. Bd5 Qb8+ 67. Ka3 Qf8+ 68. Kb2 Qb8+ 69. Kc1 Qd6 70. Qd4 Qa3+ 71. Kd2 Qxa5 72. Bxe6 fxe6 73.
Qb4 Qa2+ 74. Ke3 Qa6 75. Qb8+ Kf7 76. Qb4 Qa7+ 77. Qd4 Qc7 78. Qf6+ Kg8 79. Qxe6+ Kg7 80. Qf6+ Kg8 81. Qe6+ Kg7 82. Qf6+ Kg8 83. Qd4 Qg3+ 84. Kd2 Qxh4 85. Qd5+ Kg7 86. c4 Qf2+ 87. Kc3 Qe1+ 88. Kb3 Qb1+ 89. Ka4 Qa2+ 90. Kb5 Qb2+ 91. Kc6 h5 92.
gxh6+ Kxh6 93. e5 Qb8 94. e6 Qc8+ 95. Kd6 Qb8+ 96. Ke7 Qc7+ 97. Qd7 Qc5+ 98. Kf7 Qf5+ 99. Kg8 Qf6 100. Qh7+ Kg5 101. Qf7 Qd8+ 102. Kg7 Qd4+ 103. Kg8 Qd8+ 104. Kh7 Qd3 105. e7 Kh4 106. Kg8 g5 107. e8=Q g4 108. Qh5+ Kg3 109. Qee5+ Kf3 110. Qhf5+ 1-0

[Event "Late-Titled-Tuesday-Blitz-March-19-2024"]
[Site "Chess.com"]
[Date "2024.03.19"]
[Round "4"]
[White "RichardShtivelband"]
[Black "RichardLeyvaP"]
[Result "0-1"]
[WhiteElo "2361"]
[BlackElo "2542"]
[TimeControl "180+1"]
[EndTime "14:33:04 PDT"]
[Termination "RichardLeyvaP won by resignation"]

1. e4 e5 2. Nf3 Nc6 3. Bb5 a6 4. Ba4 Nf6 5. O-O Be7 6. Re1 b5 7. Bb3 d6 8. c3 O-O 9. h3 Bb7 10. d3 Na5 11. Bc2 c5 12. Nbd2 h6 13. Nf1 Re8 14.
Ng3 Bf8 15. Nf5 Qc7 16. g4 d5 17. Qe2 c4 18. exd5 cxd3 19. Bxd3 e4 0-1

[Event "Late-Titled-Tuesday-Blitz-March-19-2024"]
[Site "Chess.com"]
[Date "2024.03.19"]
[Round "4"]
[White "Lion-Al-Messi"]
[Black "OverallStranger"]
[Result "1-0"]
[WhiteElo "2576"]
[BlackElo "2392"]
[TimeControl "180+1"]
[EndTime "14:33:39 PDT"]
[Termination "Lion-Al-Messi won by resignation"]

1. e4 d5 2. exd5 Nf6 3. Nf3 c6 4. dxc6 Nxc6 5. Bb5 Qd5 6. Nc3 Qh5 7. d3 Bg4 8. Be3 e6 9. Qe2 Bd6 10. h3 O-O 11. O-O-O Bxf3 12. Qxf3 Qxf3 13. gxf3 Rfc8 14. Rhg1 a6 15. Bxc6 Rxc6 16. Ne4 Be7 17. Bd4 Rac8 18. Nxf6+ Bxf6 19. Bxf6 Rxc2+ 20. Kb1 Kf8 21. Bxg7+ Ke7 22. Bd4 1-0

[Event "Late-Titled-Tuesday-Blitz-March-19-2024"]
[Site "Chess.com"]
[Date "2024.03.19"]
[Round "4"]
[White "GMAneta"]
[Black "alexrustemov"]
[Result "1-0"]
[WhiteElo "2621"]
[BlackElo "2858"]
[TimeControl "180+1"]
[EndTime "14:34:03 PDT"]
[Termination "GMAneta won by resignation"]

1. d4 d5 2. Nf3 Nf6 3. c4 dxc4 4. e3 e6 5. Bxc4 c5 6. Bd3 Nbd7 7. O-O b6 8. e4 Bb7 9. Re1 cxd4 10. e5 Nd5 11.
Nbd2 Be7 12. Ne4 O-O 13. Bg5 h6 14. Bxe7 Qxe7 15. Nd6 Nxe5 16. Nxb7 Nxf3+ 17. Qxf3 Qxb7 18. Qe4 g6 19. h4 Nf6 20. Qxb7 1-0

[Event "Late-Titled-Tuesday-Blitz-March-19-2024"]
[Site "Chess.com"]
[Date "2024.03.19"]
[Round "4"]
[White "Viktor_Poddubnyi"]
[Black "Nicolik"]
[Result "0-1"]
[WhiteElo "2286"]
[BlackElo "2521"]
[TimeControl "180+1"]
[EndTime "14:34:14 PDT"]
[Termination "Nicolik won by resignation"]

1. e4 c5 2. Nf3 e6 3. g3 Nc6 4.
Bg2 Nf6 5. e5 Ng4 6. b4 Ngxe5 7.
Nxe5 Nxe5 8. bxc5 Nc6 9. d4 b6 10. d5 exd5 11. cxb6 Ba6 12. Bxd5 Bb4+ 13. Bd2 Qe7+ 0-1

[Event "Late-Titled-Tuesday-Blitz-March-19-2024"]
[Site "Chess.com"]
[Date "2024.03.19"]
[Round "4"]
[White "Hikaru"]
[Black "Sacbutt"]
[Result "1-0"]
[WhiteElo "3249"]
[BlackElo "2328"]
[TimeControl "180+1"]
[EndTime "14:34:19 PDT"]
[Termination "Hikaru won by resignation"]

1. b3 e6 2. Bb2 d5 3. Nf3 Nf6 4. e3 Be7 5. d4 O-O 6. Bd3 b6 7.
c4 Bb7 8. cxd5 exd5 9. O-O c6 10. a3 Re8 11. Nc3 Bd6 12. b4 a6 13. Ne2 Nbd7 14. Ng3 Qc7 15. Nf5 Bf8 16. Ne5 c5 17. Nxd7 Qxd7 18. dxc5 bxc5 19. Bxf6 gxf6 20. bxc5 Re4 21. Bxe4 1-0

[Event "Late-Titled-Tuesday-Blitz-March-19-2024"]
[Site "Chess.com"]
[Date "2024.03.19"]
[Round "4"]
[White "CristianS27"]
[Black "ogpin"]
[Result "1-0"]
[WhiteElo "2513"]
[BlackElo "2243"]
[TimeControl "180+1"]
[EndTime "14:34:23 PDT"]
[Termination "CristianS27 won by resignation"]

1. e4 Nc6 2. Nf3 d6 3. d4 e5 4. d5 Nce7 5. c4 f5 6. Nc3 Nf6 7. Bd3 g6 8. O-O Bg7 9. c5 O-O 10. Nd2 fxe4 11. Ndxe4 Nxe4 12. Nxe4 dxc5 13. Bc4 Kh8 14.
d6 cxd6 15. Nxd6 Bf5 16. Be3 Qxd6 17. Qxd6 1-0

[Event "Late-Titled-Tuesday-Blitz-March-19-2024"]
[Site "Chess.com"]
[Date "2024.03.19"]
[Round "4"]
[White "EsmeraldasAnderson03"]
[Black "Blitzstream"]
[Result "0-1"]
[WhiteElo "2549"]
[BlackElo "2833"]
[TimeControl "180+1"]
[EndTime "14:34:26 PDT"]
[Termination "Blitzstream won by resignation"]

1. d4 d5 2. c4 c6 3. cxd5 Nf6 4. Nc3 cxd5 5. Bf4 Nc6 6. e3 Bf5 7. Nf3 e6 8. Bd3 Bg6 9. O-O Bd6 10. Bxd6 Qxd6 11. h3 Ne4 12. a3 Nxc3 13. bxc3 O-O 14. c4 dxc4 15. Bxc4 Rac8 16. Bd3 Bxd3 17. Qxd3 Rfd8 18.
Rfb1 b6 19. Qb5 Qd5 20. Qxd5 Rxd5 21. Rc1 Rdd8 22. Rc2 Ne5 23. Rac1 Nxf3+ 24. gxf3 Rxc2 25. Rxc2 Rb8 26. Rc7 a5 27. Ra7 g5 28. Kf1 Kg7 29.
Ke2 Kg6 30. Kd3 f5 31. Re7 b5 32. Rxh7 Kxh7 0-1

[Event "Late-Titled-Tuesday-Blitz-March-19-2024"]
[Site "Chess.com"]
[Date "2024.03.19"]
[Round "4"]
[White "PNEPaul"]
[Black "Zeitnot593"]
[Result "1/2-1/2"]
[WhiteElo "1993"]
[BlackElo "2264"]
[TimeControl "180+1"]
[EndTime "14:34:40 PDT"]
[Termination "Game drawn by repetition"]

1. e4 c5 2. Nf3 g6 3. d4 cxd4 4. c3 Bg7 5. Bc4 e6 6. cxd4 d5 7. exd5 exd5 8. Bb5+ Bd7 9. Qe2+ Ne7 10. Bxd7+ Qxd7 11. Bg5 Nc6 12. Bxe7 Qxe7 13. Qxe7+ Kxe7 14. Nc3 Rhe8 15. O-O-O Kd6 16. Nb5+ Kd7 17. Nc3 Rac8 18. Kb1 Kd6 19.
Nb5+ Kd7 20. Nc3 Kd6 21. Nb5+ Kd7 22. Nc3 1/2-1/2

[Event "Late-Titled-Tuesday-Blitz-March-19-2024"]
[Site "Chess.com"]
[Date "2024.03.19"]
[Round "4"]
[White "Franmu14"]
[Black "woodhy"]
[Result "1-0"]
[WhiteElo "2725"]
[BlackElo "2513"]
[TimeControl "180+1"]
[EndTime "14:34:45 PDT"]
[Termination "Franmu14 won by resignation"]

1. e4 e6 2. Nc3 d5 3. exd5 exd5 4. d4 Bd6 5. Qd3 c6 6. Nge2 Ne7 7. Bf4 Bf5 8. Qg3 Bxf4 9. Nxf4 O-O 10. O-O-O Qa5 11. h4 b5 12. Bd3 Bxd3 13. Rxd3 b4 14. Nb1 Qxa2 15. Nh5 Ng6 16. Nxg7 Kxg7 17. h5 Nd7 18. Qg5 Nf6 19. h6+ 1-0

[Event "Late-Titled-Tuesday-Blitz-March-19-2024"]
[Site "Chess.com"]
[Date "2024.03.19"]
[Round "4"]
[White "LangesNasenhaar"]
[Black "DeTimmerman"]
[Result "0-1"]
[WhiteElo "2538"]
[BlackElo "2755"]
[TimeControl "180+1"]
[EndTime "14:34:51 PDT"]
[Termination "DeTimmerman won by resignation"]

1. d4 Nf6 2. Nf3 e6 3. g3 d5 4. Bg2 Be7 5. O-O O-O 6. c4 dxc4 7. Ne5 Nc6 8. Bxc6 bxc6 9. Nxc6 Qe8 10. Nxe7+ Qxe7 11.
Qa4 a5 12. Qxc4 Ba6 13. Qc2 Rfc8 14. Nc3 c5 15. dxc5 Qxc5 16. Be3 Qh5 17. Bd4 e5 18. Bb6 Nd5 19. Bxa5 Bb7 20. Qe4 Rxa5 0-1

[Event "Late-Titled-Tuesday-Blitz-March-19-2024"]
[Site "Chess.com"]
[Date "2024.03.19"]
[Round "4"]
[White "xxysoul6"]
[Black "krzyzan94"]
[Result "1-0"]
[WhiteElo "2959"]
[BlackElo "2789"]
[TimeControl "180+1"]
[EndTime "14:34:54 PDT"]
[Termination "xxysoul6 won by resignation"]

1. d4 Nf6 2. Nf3 d5 3. c3 g6 4. Bg5 Bg7 5. Nbd2 O-O 6. e3 c5 7. Bd3 b6 8. O-O Bb7 9. a4 Nc6 10. Re1 Re8 11. h3 h6 12. Bf4 Nd7 13. Bb5 a6 14. Bxc6 Bxc6 15. Ne5 Nxe5 16. Bxe5 f6 17. Bg3 e5 18. a5 exd4 19. exd4 cxd4 20. cxd4 Bf8 21.
Qc2 Rxe1+ 22. Rxe1 Be8 23. Bc7 Qc8 24. axb6 Kf7 25. Nb3 Ba4 26. Ra1 Bb5 27. Na5 Rb8 28. Qb3 Bc4 29. Nxc4 Qxc7 30. bxc7 1-0

[Event "Late-Titled-Tuesday-Blitz-March-19-2024"]
[Site "Chess.com"]
[Date "2024.03.19"]
[Round "4"]
[White "TenisMaster"]
[Black "SpeedofLight0"]
[Result "0-1"]
[WhiteElo "2856"]
[BlackElo "3076"]
[TimeControl "180+1"]
[EndTime "14:34:55 PDT"]
[Termination "SpeedofLight0 won by checkmate"]

1. e4 Nc6 2. Nf3 d6 3. Nc3 Nf6 4. d4 g6 5. h3 Bg7 6. Be3 O-O 7. Be2 e5 8. O-O exd4 9. Nxd4 Re8 10. Nxc6 bxc6 11.
Bd3 Rb8 12. Rb1 a5 13. Re1 Nd7 14. Qd2 Ne5 15. Bh6 Bxh3 16. Bxg7 Kxg7 17. f4 Nxd3 18.
cxd3 Bg4 19. Re3 Qf6 20. Rf1 Qd4 21. Kh1 h5 22. b3 h4 23. f5 Rh8 24. f6+ Kg8 25.
e5 h3 26. g3 h2 27. Re4 Bf3+ 28. Rxf3 Qg1# 0-1

[Event "Late-Titled-Tuesday-Blitz-March-19-2024"]
[Site "Chess.com"]
[Date "2024.03.19"]
[Round "4"]
[White "Vse_po_kaify"]
[Black "GM_shahin"]
[Result "0-1"]
[WhiteElo "2478"]
[BlackElo "2884"]
[TimeControl "180+1"]
[EndTime "14:34:57 PDT"]
[Termination "GM_shahin won by resignation"]

1. Nf3 c5 2. e3 g6 3. b3 Bg7 4. d4 d5 5. Bb2 Bg4 6. Nbd2 Nc6 7. h3 Bf5 8. Be2 cxd4 9. exd4 Nf6 10. O-O O-O 11. a3 Rc8 12. Re1 Ne4 13. Bf1 Qb6 14. Nxe4 dxe4 15. Ne5 Nxe5 16. dxe5 Rfd8 17. Qe2 e3 18.
fxe3 Rxc2 0-1

[Event "Late-Titled-Tuesday-Blitz-March-19-2024"]
[Site "Chess.com"]
[Date "2024.03.19"]
[Round "4"]
[White "babero_gordo"]
[Black "Cluke86"]
[Result "0-1"]
[WhiteElo "2110"]
[BlackElo "2315"]
[TimeControl "180+1"]
[EndTime "14:35:00 PDT"]
[Termination "Cluke86 won by resignation"]

1. e4 d6 2. d4 Nf6 3. Nc3 e5 4. Nf3 Nbd7 5. Bc4 Be7 6. O-O c6 7. a4 Qc7 8. h3 h6 9. Qe2 g5 10. dxe5 dxe5 11. b3 Nf8 12. Ba3 Ng6 13. Bxe7 Qxe7 14.
Qd2 g4 15. hxg4 Bxg4 16. Qe3 Nf4 17. Rad1 Rg8 18. Kh2 Bh5 19. Rg1 Ng4+ 0-1

[Event "Late-Titled-Tuesday-Blitz-March-19-2024"]
[Site "Chess.com"]
[Date "2024.03.19"]
[Round "4"]
[White "KetiTsatsalashvili"]
[Black "secretworker2027"]
[Result "1-0"]
[WhiteElo "2479"]
[BlackElo "2631"]
[TimeControl "180+1"]
[EndTime "14:35:04 PDT"]
[Termination "KetiTsatsalashvili won by resignation"]

1. d4 Nf6 2. Nf3 e6 3. c4 Bb4+ 4.
Nbd2 a5 5. g3 b6 6. Bg2 Bb7 7. O-O Bxd2 8. Bxd2 Be4 9. Bg5 O-O 10.
Nd2 Bxg2 11. Kxg2 d6 12. e4 Nbd7 13. Qe2 e5 14. dxe5 dxe5 15. Rfd1 Qe7 16. Nf1 h6 17. Bxf6 Nxf6 18. Ne3 c6 19. Nf5 Qc5 20. Rd6 Kh7 21. Rxf6 g6 22. Qd2 1-0

[Event "Late-Titled-Tuesday-Blitz-March-19-2024"]
[Site "Chess.com"]
[Date "2024.03.19"]
[Round "4"]
[White "Jimonios"]
[Black "Adar_07"]
[Result "0-1"]
[WhiteElo "2604"]
[BlackElo "2848"]
[TimeControl "180+1"]
[EndTime "14:35:07 PDT"]
[Termination "Adar_07 won by resignation"]

1. c4 Nf6 2. Nc3 e5 3. Nf3 Nc6 4. e3 d5 5. cxd5 Nxd5 6. Bb5 Nxc3 7. bxc3 Bd6 8. d4 exd4 9. cxd4 O-O 10. O-O Bg4 11.
h3 Bh5 12. Be2 Re8 13. a4 Qf6 14. Ba3 Rad8 15. Bxd6 Rxd6 16. Rb1 b6 17. Rb5 Bg6 18.
Qc1 h6 19. d5 a6 20. dxc6 axb5 21. Qa1 Qxa1 22. Rxa1 b4 23. Bb5 b3 0-1

[Event "Late-Titled-Tuesday-Blitz-March-19-2024"]
[Site "Chess.com"]
[Date "2024.03.19"]
[Round "4"]
[White "NoSpaghettiForYou"]
[Black "TheKnightOfBosnia"]
[Result "0-1"]
[WhiteElo "2423"]
[BlackElo "2613"]
[TimeControl "180+1"]
[EndTime "14:35:19 PDT"]
[Termination "TheKnightOfBosnia won by resignation"]

1. d4 Nf6 2. c4 e6 3. Nc3 d5 4.
cxd5 exd5 5. Bg5 c6 6. e3 Be7 7.
Bd3 Nbd7 8. Nge2 O-O 9. O-O Re8 10. a4 a5 11. Qc2 Nf8 12. f3 g6 13. Bh4 Ne6 14.
h3 Qb6 15. Bf2 c5 16. Bb5 Rd8 17. Rad1 cxd4 18. Nxd4 Nxd4 19. Rxd4 Bc5 20. Rf4 Bxe3 21. Kh1 Nh5 22. Bxe3 Ng3+ 0-1

[Event "Late-Titled-Tuesday-Blitz-March-19-2024"]
[Site "Chess.com"]
[Date "2024.03.19"]
[Round "4"]
[White "YEIKO2017"]
[Black "sacrifoice"]
[Result "1-0"]
[WhiteElo "2492"]
[BlackElo "2211"]
[TimeControl "180+1"]
[EndTime "14:35:21 PDT"]
[Termination "YEIKO2017 won by resignation"]

1. e4 c5 2. Nf3 d6 3. d4 cxd4 4. Nxd4 Nf6 5. Nc3 g6 6. f4 Nc6 7. Bb5 Bd7 8. Bxc6 bxc6 9. e5 dxe5 10. fxe5 Nd5 11. O-O Bg7 12. Qf3 O-O 13. Nxd5 cxd5 14. Qxd5 e6 15. Qd6 Qh4 16. Qxd7 Rad8 17. Nf3 1-0

[Event "Late-Titled-Tuesday-Blitz-March-19-2024"]
[Site "Chess.com"]
[Date "2024.03.19"]
[Round "4"]
[White "moro182"]
[Black "Ticoluis"]
[Result "1-0"]
[WhiteElo "2909"]
[BlackElo "2531"]
[TimeControl "180+1"]
[EndTime "14:35:35 PDT"]
[Termination "moro182 won by resignation"]

1. d4 Nf6 2. Bf4 e6 3. e3 Bd6 4. Nf3 b6 5. a4 a6 6. Nbd2 Bb7 7. a5 b5 8. Bxd6 cxd6 9. c4 O-O 10. cxb5 axb5 11. b4 Nc6 12. Qb3 Nd5 13. Bxb5 Ncxb4 14. Nc4 Ba6 15. Bxa6 Nxa6 16. O-O Qc7 17. Rfc1 Rfb8 18. Qa3 Nab4 19. Nb6 Qb7 20. Nxa8 Qxa8 21. a6 Qa7 22. e4 Nf4 23. Qxb4 1-0

[Event "Late-Titled-Tuesday-Blitz-March-19-2024"]
[Site "Chess.com"]
[Date "2024.03.19"]
[Round "4"]
[White "Yaacovn"]
[Black "Defenstrator"]
[Result "1-0"]
[WhiteElo "2870"]
[BlackElo "2476"]
[TimeControl "180+1"]
[EndTime "14:35:47 PDT"]
[Termination "Yaacovn won by resignation"]

1. d4 Nf6 2. e3 c5 3. c3 Nc6 4. f4 d6 5. Nf3 g6 6. Bd3 e5 7. fxe5 dxe5 8. Nxe5 Nxe5 9. dxe5 Ng4 10. Bb5+ Bd7 11.
Qxg4 Bxb5 12. c4 Bc6 13. O-O Qe7 14. Nc3 Qxe5 15. e4 Bd6 16. Bf4 Qd4+ 17. Kh1 Bxf4 18.
Qxf4 Qxc4 19. Qe5+ 1-0

[Event "Late-Titled-Tuesday-Blitz-March-19-2024"]
[Site "Chess.com"]
[Date "2024.03.19"]
[Round "4"]
[White "jaskol95"]
[Black "chessamical"]
[Result "0-1"]
[WhiteElo "2489"]
[BlackElo "2284"]
[TimeControl "180+1"]
[EndTime "14:35:48 PDT"]
[Termination "chessamical won by resignation"]

1. e4 d5 2. exd5 Qxd5 3. h3 Nf6 4.
Nf3 Nc6 5. d4 e5 6. dxe5 Qxd1+ 7.
Kxd1 Ne4 8. Be3 Bc5 9. Bxc5 Nxc5 10. Bb5 Bd7 11. Nbd2 a6 12. Be2 O-O-O 13. c3 Rhe8 14. Re1 Nxe5 15. Nxe5 Rxe5 16. b4 Ba4+ 17. Kc1 Nd3+ 18.
Bxd3 Rxe1+ 19. Kb2 Rxa1 0-1

[Event "Late-Titled-Tuesday-Blitz-March-19-2024"]
[Site "Chess.com"]
[Date "2024.03.19"]
[Round "4"]
[White "Malev212"]
[Black "Sanan_Sjugirov"]
[Result "0-1"]
[WhiteElo "2632"]
[BlackElo "2999"]
[TimeControl "180+1"]
[EndTime "14:35:59 PDT"]
[Termination "Sanan_Sjugirov won by resignation"]

1. d4 Nf6 2. c4 g6 3. Nc3 Bg7 4.
e4 d6 5. f3 O-O 6. Nge2 c5 7. d5 e6 8. Ng3 exd5 9. cxd5 h5 10.
Bg5 a6 11. a4 Qe8 12. Be2 Nh7 13. Bf4 Qe7 14. O-O Bd4+ 15. Kh1 h4 16. e5 dxe5 17. d6 Qd8 18. Bh6 hxg3 19. hxg3 0-1

[Event "Late-Titled-Tuesday-Blitz-March-19-2024"]
[Site "Chess.com"]
[Date "2024.03.19"]
[Round "4"]
[White "dawid498"]
[Black "esrosenberg"]
[Result "1-0"]
[WhiteElo "2701"]
[BlackElo "2485"]
[TimeControl "180+1"]
[EndTime "14:36:00 PDT"]
[Termination "dawid498 won by resignation"]

1. e4 e6 2. d4 d5 3. e5 c5 4. c3 Nc6 5. Nf3 Bd7 6. Bd3 cxd4 7. O-O Qb6 8. Re1 Rc8 9. Nbd2 Nh6 10. Nb3 dxc3 11.
bxc3 a6 12. Rb1 Qa7 13. Be3 Qb8 14. Nc5 Bxc5 15. Bxc5 Ne7 16. Bxe7 Kxe7 17. Bxa6 Bc6 18. Nd4 Qa8 19. Nxc6+ bxc6 20. Bxc8 Rxc8 21. Qb3 Rc7 22.
Qb4+ Kd7 23. Qd6+ Kc8 24. Qf8+ 1-0

[Event "Late-Titled-Tuesday-Blitz-March-19-2024"]
[Site "Chess.com"]
[Date "2024.03.19"]
[Round "4"]
[White "Leo_C"]
[Black "kriscacco"]
[Result "1-0"]
[WhiteElo "2647"]
[BlackElo "2109"]
[TimeControl "180+1"]
[EndTime "14:36:10 PDT"]
[Termination "Leo_C won by resignation"]

1. e4 g6 2. d4 Bg7 3. Nf3 d6 4. Nbd2 c6 5. Bd3 Nf6 6. O-O Nbd7 7. c3 Qc7 8. a4 b6 9. Re1 O-O 10. h3 e5 11. dxe5 Nxe5 12. Nxe5 dxe5 13. a5 Be6 14. Bc4 Bxc4 15. Nxc4 b5 16. Nd2 Rad8 17. Qe2 a6 18.
Nb3 c5 19. Be3 Nd7 20. c4 Qc6 21. Rec1 b4 22. f3 Rfe8 23. Rd1 Bf8 24. Rd3 Be7 25. Rad1 Qc7 26. Qf2 Kg7 27. Kh1 f6 28. h4 h5 29.
Rd5 Nb8 30. Bxc5 Nc6 31. Bb6 Qc8 32. Bxd8 Bxd8 33. Rd7+ Be7 34. Qb6 Kf8 35. Rc7 1-0

[Event "Late-Titled-Tuesday-Blitz-March-19-2024"]
[Site "Chess.com"]
[Date "2024.03.19"]
[Round "4"]
[White "MikeSailer"]
[Black "Chessbard1972"]
[Result "1-0"]
[WhiteElo "2134"]
[BlackElo "2306"]
[TimeControl "180+1"]
[EndTime "14:36:16 PDT"]
[Termination "MikeSailer won by resignation"]

1. d4 Nf6 2. Nf3 g6 3. Bf4 Bg7 4. e3 d6 5. Be2 O-O 6. h3 Nbd7 7. O-O Qe8 8. c4 e5 9. Bh2 Qe7 10. Nc3 c6 11. b4 a6 12. a4 Re8 13. b5 e4 14. Nd2 d5 15. bxc6 bxc6 16. cxd5 cxd5 17. a5 h5 18. Na4 Ra7 19. Nb6 Bb7 20. Nb3 Nxb6 21.
axb6 Raa8 22. Nc5 Rec8 23. Qa4 Bc6 24. Qa5 Ne8 25. Bxa6 Rcb8 26. Bxb8 Rxb8 27. Bb5 Bxb5 28. Qxb5 Qd6 29. Rfb1 Nf6 30. b7 g5 31. Ra8 Kh7 32. Rxb8 Qxb8 33. Na6 1-0

[Event "Late-Titled-Tuesday-Blitz-March-19-2024"]
[Site "Chess.com"]
[Date "2024.03.19"]
[Round "4"]
[White "Vaathi_Coming"]
[Black "DanielNaroditsky"]
[Result "0-1"]
[WhiteElo "2886"]
[BlackElo "3171"]
[TimeControl "180+1"]
[EndTime "14:36:22 PDT"]
[Termination "DanielNaroditsky won by resignation"]

1. g3 e5 2. Bg2 d5 3. d3 Nf6 4. Nf3 Bd6 5. O-O O-O 6. a4 a5 7. c3 c6 8. Qc2 Bg4 9. e4 Nbd7 10. Na3 h6 11. Re1 Re8 12. exd5 cxd5 13. Nb5 Bb8 14. Bd2 Bf5 15. Nh4 Bh7 16. Bh3 e4 17. dxe4 Nxe4 18. Qd1 Ne5 19. Bf4 Nxf2 20. Kxf2 Nd3+ 21.
Qxd3 Bxd3 22. Rxe8+ Qxe8 23. Re1 Qd8 24. Bxb8 Rxb8 25.
Nd4 Qb6 26. Bf5 Qxb2+ 0-1

[Event "Late-Titled-Tuesday-Blitz-March-19-2024"]
[Site "Chess.com"]
[Date "2024.03.19"]
[Round "4"]
[White "steepedgames"]
[Black "Zampronha1971"]
[Result "1-0"]
[WhiteElo "2524"]
[BlackElo "2303"]
[TimeControl "180+1"]
[EndTime "14:36:24 PDT"]
[Termination "steepedgames won by resignation"]

1. d4 Nf6 2. Bg5 Ne4 3. Bf4 c5 4. f3 Qa5+ 5. c3 Nf6 6. Nd2 cxd4 7. Nb3 Qb6 8. Qxd4 Qxd4 9. cxd4 d5 10. e3 Nc6 11.
Bd3 e6 12. Ne2 Be7 13. g4 O-O 14. Kf2 Bd7 15. a3 Rfc8 16. Rac1 Ne8 17. Nc5 Bxc5 18. Rxc5 b6 19. Rc3 Na5 20. Rhc1 Rxc3 21. Rxc3 Rc8 22. e4 Rxc3 23. Nxc3 Bc6 24. Bb8 Nb3 25.
Bxa7 Nxd4 26. Bxb6 Nb3 27. Bc2 Nd2 28. b3 dxe4 29. fxe4 Nd6 30. Ke3 Nf1+ 31. Kd4 Nxh2 32. Kc5 Nxg4 33. Kxc6 h5 34. Kxd6 h4 35. Bg1 h3 36. a4 1-0